 Dungeon Crawl Stone Soup version bcrawl-1.37.2 (webtiles) character file.

Game seed: 11141285814467128807

190532 SansUndertale the Sneak (level 5, -6/51 HPs)
             Began as a Naga Martial Artist on Oct 28, 2022.
             Was a Follower of Elyvilon.
             Mangled by a +1 glaive of chopping (7 damage)
             ... created by the rancor of the Wu Jian Council
             ... on level 3 of the Dungeon.
             The game lasted 00:06:06 (1999 turns).

SansUndertale the Sneak (Naga Martial Artist)       Turns: 1999, Time: 00:06:07

Health: -6/51      AC: -4    Str: 14    XL:     5   Next: 81%
Magic:  6/6        EV: 10    Int: 10    God:    Elyvilon [*.....]
Gold:   181        SH:  0    Dex: 14    Spells: 5/6 levels left

rFire    . . .     GDR:     26%   - Fists (8.4)
rCold    . . .     SeeInvis +   (no shield)
rNeg     . . .     Gourm    .   c - +0 leather armour (curse)
rPois    +         Faith    .   (no helmet)
rElec    .         Spirit   .   (no cloak)
rCorr    .         Reflect  .   (no gloves)
MR       .....                  (no barding)
Stlth    +++.......             (no amulet)
HPRegen  0.18/turn              (no ring)
MPRegen  0.10/turn              (no ring)

@: corroded, very slow
A: large, tail, swims, see invisible, deformed body, poison resistance, slowness
2, slow metabolism 1, spit poison 1, AC +1
a: Spit Poison, Lesser Healing, Divine Protection, Renounce Religion


You were on level 3 of the Dungeon.
You worshipped Elyvilon.
Elyvilon was aware of your devotion.
You were not hungry.

You visited 1 branch of the dungeon, and saw 3 of its levels.

You collected 181 gold pieces.

Inventory:

Armour
 a - a +0 robe
 c - a cursed +0 leather armour (worn)
 d - a +1 ring mail of positive energy
Scrolls
 i - a scroll of identify
Potions
 b - a potion of agility
 f - a potion of heal wounds {unknown}
Comestibles
 e - 6 rations {!d}


   Skills:
 * Level 4.3 Fighting
 + Level 3.1 Dodging
 * Level 5.4 Stealth
 - Level 4.1 Unarmed Combat
 - Level 1.0 Spellcasting
 - Level 1.0 Hexes
 + Level 1.0 Invocations


You had 5 spell levels left.
You knew the following spells:

 Your Spells              Type           Power        Failure   Level  Hunger
a - Confusing Touch       Hex            #.......     28%         1    None
Your spell library was empty.

Dungeon Overview and Level Annotations

Branches:
Dungeon (3/12)

Altars:
Elyvilon
Fedhas
Makhleb


Innate Abilities, Weirdness & Mutations

You cannot wear boots.
You can swim through water.
Your serpentine skin is tough. (AC +1)
You have supernaturally acute eyesight. (SInv)
Armour fits poorly on your strangely shaped body.
Your system is resistant to poisons. (rPois)
You cover ground very slowly.
You have a slow metabolism.
You can spit poison.


Message History

You destroy the +4 quarterstaff of electrocution!
That felt strangely unrewarding.
You hit the +3 great sword of freezing.
The +3 great sword of freezing is moderately damaged.
The +3 great sword of freezing hits you!
The +3 great sword of freezing freezes you.
The +1 glaive of chopping hits you from afar!
You hit the +3 great sword of freezing.
The +3 great sword of freezing is moderately damaged.
You hit the +3 great sword of freezing.
The +3 great sword of freezing is severely damaged.
You barely miss the +3 great sword of freezing.
You punch the +3 great sword of freezing, but do no damage.
The +3 great sword of freezing is severely damaged.
The +3 great sword of freezing hits you!
* * * LOW HITPOINT WARNING * * *
The +3 great sword of freezing freezes you.
* * * LOW HITPOINT WARNING * * *
The +1 glaive of chopping hits you from afar!
You die...

##.## #.# #.##.#.#
#..# #.#
#.####.##.#.####..#
...
..#...#...........##
##.##
#.#.##.##.#..##...#.
#.#
#.#.##.##.#..##...#.
..#
#.##.##.#..##.....
######
#(##.##.#..##.#..#
......
#.##.......##.#...
######
#@##.............#
#(##.########.##..
#S##.# #.#### #r##
#.# ... #.# # ###
#.. ## ### # .# .#
#.


You could see 2 dancing weapons, a quokka and a ball python.

Vanquished Creatures
  7 dancing weapons (D:3)
  A scorpion (D:3)
  A bullfrog skeleton (D:3)
  A hound zombie (D:3)
  4 adders (D:3)
  3 oozes
  An adder skeleton (D:3)
  2 worms (D:2)
  A dart slug (D:1)
  2 leopard geckos
  An orc (D:2)
  A giant cockroach (D:1)
  6 goblins
  5 hobgoblins
  3 jackals (D:3)
  2 quokkas
  A ball python (D:2)
  4 bats
  2 frilled lizards (D:3)
  5 kobolds
  9 rats
62 creatures vanquished.

Notes
Turn   | Place    | Note
-------+----------+-------------------------------------------
     0 | D:1      | SansUndertale the Naga Martial Artist began the quest for
                  | the Orb.
     0 | D:1      | Reached XP level 1. HP: 21/21 MP: 2/2
    80 | D:1      | Reached skill level 2 in Stealth
   200 | D:1      | Reached XP level 2. HP: 28/28 MP: 3/3
   478 | D:1      | Reached skill level 3 in Stealth
   724 | D:2      | Reached XP level 3. HP: 34/34 MP: 4/4
   792 | D:2      | Found a blossoming altar of Fedhas.
   830 | D:2      | Fell from the grace of Wu Jian
   830 | D:2      | Became a worshipper of Fedhas Madash
  1050 | D:2      | Found a white marble altar of Elyvilon.
  1058 | D:2      | Fell from the grace of Fedhas
  1058 | D:2      | Became a worshipper of Elyvilon the Healer
  1439 | D:2      | Reached XP level 4. HP: 43/43 MP: 5/5
  1442 | D:2      | Noticed a +4 great sword of flaming
  1442 | D:2      | Noticed a +1 great sword of electrocution
  1442 | D:2      | Noticed a +4 quarterstaff of freezing
  1442 | D:2      | Noticed a +3 dire flail of crushing
  1442 | D:2      | Noticed a +3 quarterstaff of freezing
  1474 | D:3      | Noticed a +4 great sword of speed
  1474 | D:3      | Noticed a +2 great sword of freezing
  1474 | D:3      | Noticed a +4 dire flail of freezing
  1477 | D:3      | Killed a +2 great sword of freezing
  1478 | D:3      | Killed a +4 great sword of speed
  1479 | D:3      | Killed a +4 dire flail of freezing
  1536 | D:3      | Found a burning altar of Makhleb.
  1582 | D:3      | Reached skill level 4 in Stealth
  1620 | D:3      | Noticed a +1 dire flail of crushing
  1620 | D:3      | Noticed a +3 glaive of speed
  1620 | D:3      | Noticed a +3 dire flail of freezing
  1621 | D:3      | Killed a +3 dire flail of freezing
  1622 | D:3      | Killed a +3 glaive of speed
  1625 | D:3      | Killed a +1 dire flail of crushing
  1709 | D:3      | Reached XP level 5. HP: 50/50 MP: 6/6
  1846 | D:3      | Reached skill level 5 in Stealth
  1856 | D:3      | Reached * piety under Elyvilon
  1861 | D:3      | Reached skill level 1 in Invocations
  1994 | D:3      | Noticed a +4 quarterstaff of electrocution
  1994 | D:3      | Noticed a +3 great sword of freezing
  1994 | D:3      | Noticed a +1 glaive of chopping
  1995 | D:3      | Killed a +4 quarterstaff of electrocution
  1999 | D:3      | HP: 1/51 [+3 great sword of freezing[the rancor of the Wu
                  | Jian Council] (5)]
  1999 | D:3      | Mangled by a +1 glaive of chopping

Skill      XL: |  1  2  3  4  5 |
---------------+----------------+-----
Stealth        | 2 3 4 5 |  5.4
Fighting       | 4 |  4.3
Dodging        | 3 |  3.1
Invocations    | 1 |  1.0
Unarmed Combat | |  4.1
Spellcasting   | |  1.0
Hexes          | |  1.0

Action                   |  1- 3 |  4- 6 || total
-------------------------+-------+-------++-------
Melee: Unarmed           |    72 |    72 ||   144
       Punch             |     1 |     4 ||     5
Invok: Lunge             |     5 |       ||     5
 Abil: Spit Poison       |    14 |     9 ||    23
       Wall Jump         |     1 |       ||     1
  Use: Scroll            |       |     3 ||     3
       Potion            |       |     3 ||     3
 Stab: Sleeping          |     4 |     3 ||     7
  Eat: Chunk             |     3 |     4 ||     7
Armor: Robe              |     3 |       ||     3
       Leather armour    |    16 |    13 ||    29
Dodge: Dodged            |    35 |    28 ||    63
